 Dungeon Crawl Stone Soup version 0.28.0-47-ge53b351184 (webtiles) character file.

Game seed: 10773237133507914559

3782 101zpm the Thaumaturge (level 10, -11/60 HPs)
             Began as a Djinni Fire Elementalist on May 1, 2022.
             Shot with an arrow by a centaur (14 damage)
             ... on level 7 of the Dungeon.
             The game lasted 00:34:35 (11290 turns).

101zpm the Thaumaturge (Djinni Fire Elementalist)  Turns: 11290, Time: 00:34:36

Health: -11/60     AC:  3    Str:  7    XL:     10   Next: 38%
Gold:   406        EV: 13    Int: 23    God:
                   SH:  0    Dex: 14

rFire   + + .      SeeInvis .   w - +6 great mace of the Sea {spect, rPois rC+ Int+2}
rCold   + . .      Faith    .   (shield currently unavailable)
rNeg    . . .      Spirit   .   a - +0 robe
rPois   ∞          Reflect  .   (no helmet)
rElec   .          Harm     .   z - +0 cloak
rCorr   .          Rampage  .   (no gloves)
Will    +....                   (boots unavailable)
Stlth   ++........              (no amulet)
HPRegen 0.20/turn               h - ring of protection from cold
MPRegen 0.00/turn               (no ring)

@: flying
A: sickness immunity, fire resistance 2, cold vulnerability 1, float, innate
caster, HP casting, extra vitality 1
a: no special abilities


You were on level 7 of the Dungeon.
You visited 1 branch of the dungeon, and saw 7 of its levels.
You also visited: Sewer.

You collected 406 gold pieces.

Inventory:

Hand Weapons
 b - the +8 falchion "Kabenil" {venom, rCorr}
   (You found it on level 3 of the Dungeon)

   It poisons the flesh of those it strikes.
   rCorr:     It protects you from acid and corrosion.
 o - a +4 flail
 w - the +6 great mace of the Sea (weapon) {spect, rPois rC+ Int+2}
   (You found it on level 5 of the Dungeon)

   When its wielder attacks, the weapon's spirit leaps out and strikes again.
   The spirit shares a part of any damage it takes with its wielder.
   Int:       It affects your intelligence (+2).
   rC:        It protects you from cold.
   rPois:     It protects you from poison.
Missiles
 n - 255 stones
 p - 10 poisoned darts
 q - a curare-tipped dart
 r - a throwing net
 s - 2 silver boomerangs
 t - 4 boomerangs of dispersal
 u - 18 bolts
 y - 104 arrows
Armour
 a - a +0 robe (worn)
 z - a +0 cloak (worn)
Magical Staves
 B - a staff of fire
Jewellery
 h - a ring of protection from cold (left hand)
 D - an amulet of faith
Wands
 g - a wand of paralysis (3)
Scrolls
 c - 2 scrolls of enchant armour {unknown}
 d - a scroll of amnesia
 f - 3 scrolls of identify
 j - 4 scrolls of immolation
 v - a scroll of acquirement {unknown}
 x - a scroll of teleportation
 E - a scroll of fear {unknown}
 F - a scroll of noise {unknown}
Potions
 e - 4 potions of curing {unknown}
 i - a potion of flight {unknown}
 k - a potion of magic {unknown}
 l - a potion of brilliance {unknown}
 m - a potion of haste {unknown}
 A - 2 potions of heal wounds
 C - a potion of attraction {unknown}
 G - a potion of lignification {unknown}


   Skills:
 + Level 0.1 Fighting
 + Level 0.3 Long Blades
 + Level 0.1 Maces & Flails
 + Level 3.4 Dodging
 + Level 3.5 Stealth
 + Level 10.8 Spellcasting


You had 7 spell levels left.
You knew the following spells:

 Your Spells              Type           Power      Damage    Failure   Level
a - Foxfire               Conj/Fire      100%       2x1d9     1%          1
b - Scorch                Fire           100%       2d10      1%          2
c - Conjure Flame         Conj/Fire      58%        6-21      1%          3
d - Inner Flame           Hex/Fire       58%        N/A       1%          3
e - Flame Wave            Conj/Fire      58%        2d11      1%          4
f - Apportation           Tloc           100%       N/A       1%          1
g - Poisonous Vapours     Pois/Air       100%       N/A       1%          2
h - Call Canine Familiar  Summ           58%        N/A       1%          3
i - Airstrike             Air            29%        N/A       1%          4
Your spell library was empty.

Dungeon Overview and Level Annotations

Branches:
Dungeon (7/15)              Sewer (visited)
 Temple: D:4-7

Altars:
Elyvilon
Fedhas
Okawaru
Ru
Yredelemnul

Shops:
D:1 :

Annotations:
D:7 Joseph


Innate Abilities, Weirdness & Mutations

You are immune to sickness and miasma.
You are immune to poison.
Your flesh is very heat resistant. (rF++)
You are vulnerable to cold. (rC-)
You float through the air rather than walking.
You learn spells naturally, not from books.
Your magical power is your life essence.
You have superior vitality. (+4 MHP)


Message History

Joseph, a Mercenary comes into view.
He is wielding a +0 spectral quarterstaff and carrying a wand of iceblast (10).
Casting: Call Canine Familiar (safe; 1% risk of failure)
Confirm with . or Enter, or press ? or * to list all spells.
Aiming: Inner Flame (safe; 1% risk of failure)
Press: ? - help, Dir - move target, f - Joseph
Aim: Joseph, wielding a +0 spectral quarterstaff, wearing a +0 leather armour, quivering sling bullets and carrying a wand of iceblast (10) (ally target, chance to affect: 87%) Joseph is filled with an inner flame.
The foxfire hits Joseph!
Flame seeps out of Joseph.
Joseph is lightly wounded.
The foxfire hits Joseph!
Flame seeps out of Joseph.
Joseph is moderately wounded.
Joseph is engulfed in blazing flames.
Flame seeps out of Joseph.
Joseph says, "I've waited for this moment for such a long time."
Joseph zaps a wand.
The mass of ice explodes!
The iceblast engulfs you! You partially resist.
* * * LOW HITPOINT WARNING * * *
You swap places.
Joseph is engulfed in blazing flames.
Flame seeps out of Joseph.
Joseph zaps a wand.
The mass of ice explodes!
The iceblast engulfs your warg!
You hear a shout!
A centaur comes into view.
The centaur wields a +0 shortbow.
The centaur shoots an arrow.
The arrow closely misses you.
The centaur shoots an arrow.
The arrow hits you!
* * * LOW HITPOINT WARNING * * *
The centaur shoots an arrow.
The arrow barely misses your warg. The arrow completely misses you.
You hear a shout!
The centaur shoots an arrow.
The arrow hits your warg!
Casting: Inner Flame (safe; 1% risk of failure)
Confirm with . or Enter, or press ? or * to list all spells.
Aiming: Inner Flame (safe; 1% risk of failure)
Press: ? - help, Dir - move target, f - centaur
Aim: a centaur, wielding a +0 shortbow and quivering arrows (chance to affect: 95%)
The centaur is filled with an inner flame.
* * * LOW HITPOINT WARNING * * *
Your warg bites the centaur.
Flame seeps out of the centaur.
The centaur is engulfed in blazing flames.
Flame seeps out of the centaur.
The centaur shoots an arrow.
The arrow barely misses your warg. The arrow hits you!
You die...

##### ######### #...#
####### #........
#...###.)...#######.#######
.....[..........@hc........
#...###.....#######.#######
##########.......##.######
.........'.......+.c.....#
.........#.......##.####..#
.........#.......##.# #.#
.........#.......##.# )..
.........#.......##.# ))#
.........##########.. ....


You could see a centaur (inner flame, ally target) and a friendly warg
(summoned).

Vanquished Creatures
  Prince Ribbit (D:5)
  Duvessa (D:4)
  A water moccasin (D:5)
  2 orc warriors (D:6)
  An ice beast (D:6)
  2 black bears
  6 necrophages (D:4)
  2 ogres (D:4)
  2 centaurs (D:7)
  2 kobold brigands (D:3)
  2 bullfrogs
  4 scorpions
  A water moccasin zombie (D:6)
  Dowan (D:3)
  An electric eel (D:6)
  2 howler monkeys
  A bullfrog zombie (D:6)
  4 hounds
  4 gnoll shamans
  4 orc priests
  A bullfrog skeleton (D:6)
  2 centaur skeletons
  2 iguanas
  Natasha (thrice) (D:4)
  7 orc wizards
  A hell rat (Sewer)
  2 hound zombies
  2 hound skeletons (D:4)
  28 gnolls
  4 adders
  A river rat (Sewer)
  A shadow imp (D:5)
  A worm (D:3)
  5 dart slugs
  35 orcs
  5 ball pythons
  6 endoplasms
  4 giant cockroaches (D:4)
  7 goblins
  8 hobgoblins
  17 jackals
  5 quokkas
  A bat (D:3)
  3 frilled lizards (D:1)
  5 kobolds
  13 rats
213 creatures vanquished.

Vanquished Creatures (collateral kills)
  An iguana (D:6)
  3 foxfires (D:3)
4 creatures vanquished.

Vanquished Creatures (others)
  A bush (D:4)
  869 foxfires
  14 plants
884 creatures vanquished.

Grand Total: 1101 creatures vanquished

Notes
Turn   | Place    | Note
-------+----------+-------------------------------------------
     0 | D:1      | 101zpm the Djinni Fire Elementalist began the quest for the
                  | Orb.
     0 | D:1      | Reached XP level 1. HP: 15/15 MP: 0/0
   292 | D:1      | Reached XP level 2. HP: 6/21 MP: 0/0
   842 | D:3      | Identified the +8 falchion "Kabenil" {venom, rCorr}
   991 | D:3      | Noticed a kobold brigand
   998 | D:3      | Killed a kobold brigand
   999 | D:3      | Reached skill level 3 in Spellcasting
   999 | D:3      | Reached XP level 3. HP: 17/25 MP: 0/0
   999 | D:3      | Learned a level 1 spell: Apportation
   999 | D:3      | Reached XP level 4. HP: 22/31 MP: 0/0
  1275 | D:3      | Reached XP level 5. HP: 28/35 MP: 0/0
  1275 | D:3      | Learned a level 2 spell: Poisonous Vapours
  1415 | D:3      | Reached skill level 4 in Spellcasting
  1721 | D:3      | Reached XP level 6. HP: 33/40 MP: 0/0
  2527 | D:3      | Reached skill level 5 in Spellcasting
  2541 | D:3      | Reached XP level 7. HP: 15/45 MP: 0/0
  2541 | D:3      | Learned a level 3 spell: Call Canine Familiar
  5005 | D:1      | Found Linel's Book Shoppe.
  5453 | D:3      | Reached skill level 6 in Spellcasting
  6038 | D:4      | Noticed Duvessa
  6043 | D:4      | Killed Duvessa
  6044 | D:4      | Reached XP level 8. HP: 40/50 MP: 0/0
  6051 | D:4      | Noticed Dowan
  6056 | D:3      | Killed Dowan
  6438 | D:4      | Found a glowing drain.
  6442 | Sewer    | Entered a sewer
  6799 | D:4      | Reached skill level 7 in Spellcasting
  7118 | D:5      | Entered Level 5 of the Dungeon
  7446 | D:5      | Identified the +6 great mace of the Sea {spect, rPois rC+
                  | Int+2}
  7474 | D:5      | Noticed Prince Ribbit
  7479 | D:5      | Killed Prince Ribbit
  7480 | D:5      | Reached skill level 8 in Spellcasting
  7480 | D:5      | Reached XP level 9. HP: 47/55 MP: 0/0
  7480 | D:5      | Learned a level 4 spell: Airstrike
  7666 | D:5      | Found a sacrificial altar of Ru.
  8100 | D:4      | Found an iron altar of Okawaru.
  8100 | D:4      | Found a white marble altar of Elyvilon.
  8180 | D:4      | Noticed Natasha
  8183 | D:4      | Killed Natasha
  8278 | D:4      | Reached skill level 9 in Spellcasting
  8475 | D:4      | Found a blossoming altar of Fedhas.
  8500 | D:4      | Noticed Natasha
  8503 | D:4      | Killed Natasha
  8573 | D:4      | Noticed Natasha
  8573 | D:4      | Killed Natasha
  9570 | D:6      | Reached XP level 10. HP: 43/60 MP: 0/0
  9813 | D:6      | Reached skill level 10 in Spellcasting
 10151 | D:6      | Found a basalt altar of Yredelemnul.
 11280 | D:7      | Noticed Joseph
 11290 | D:7      | Shot with an arrow by a centaur

Illustrated notes

Levels and vault maps discovered:
D:1:      matt_arrival_grand_opening, layout_basic, serial_shops, shop
D:2:      layout_basic
D:3:      lemuel_castle_with_subvaults [lemuel_castle_interior_original],
          layout_loops_ring
D:4:      layout_cave_pools, amethyst_overflow_temple_binary,
          fedhas_altar_decomposition, gup_sewer_entry_spiral, uniq_natasha,
          uniq_duvessa
D:5:      layout_rooms, hangedman_ru_absence, uniq_prince_ribbit1
D:6:      layout_loops_ring, old_standard_altar, minmay_door_square,
          wad_floor_pattern_untrapped, grunt_decor_one_mirror,
          nicolae_water_bricks
D:7:      layout_basic, tgw_sif, minmay_temple_entry_statues_pillars,
          uniq_joseph, uniq_menkaure

Skill      XL: |  1  2  3  4  5  6  7  8  9 10 |
---------------+-------------------------------+-----
Dodging        | 3 |  3.4
Spellcasting   | 3 4 5 6 8 9 10 | 10.8
Stealth        | 2 3 |  3.5
Fighting       | |  0.1
Long Blades    | |  0.3
Maces & Flails | |  0.1

Action                   |  1- 3 |  4- 6 |  7- 9 | 10-12 || total
-------------------------+-------+-------+-------+-------++-------
Melee: Falchion          |     4 |     1 |       |       ||     5
       Great mace        |       |       |       |     1 ||     1
 Cast: Foxfire           |    47 |    87 |   319 |    58 ||   511
       Inner Flame       |       |    12 |    93 |    31 ||   136
       Scorch            |       |     1 |    21 |    10 ||    32
       Poisonous Vapours |       |     1 |     1 |     1 ||     3
       Call Canine Famil |       |       |     3 |     7 ||    10
       Airstrike         |       |       |     1 |       ||     1
  Use: Scroll            |       |       |     4 |       ||     4
Armor: Robe              |     1 |     1 |     1 |       ||     3
Dodge: Dodged            |     5 |     3 |     6 |     7 ||    21
